 Dungeon Crawl Stone Soup version 0.30.1-3-gfc49f6343a (webtiles) character file.

Game seed: 14750126234336885264

44 sampeng1 the Conjurer (level 3, -1/24 HPs)
             Began as a Human Conjurer on July 27, 2023.
             Slain by a gnoll
             ... wielding a +0 flail
              (2 damage)
             ... on level 2 of the Dungeon.
             The game lasted 00:04:36 (994 turns).

sampeng1 the Conjurer (Human Conjurer)               Turns: 994, Time: 00:04:37

Health: -1/24      AC:  6    Str:  7    XL:     3   Next: 85%
Magic:  6/6        EV: 12    Int: 20    God:
Gold:   84         SH:  0    Dex: 11    Spells: 5/6 levels left

rFire   + . .        h - +1 rapier
rCold   x . .        (no shield)
rNeg    . . .        a - +0 robe
rPois   .            (no helmet)
rElec   .            (no cloak)
rCorr   .            (no gloves)
SInv    .            (no boots)
Will    .....        (no amulet)
Stlth   ++           c - +4 ring of protection
HPRegen 0.24/turn    m - ring of fire
MPRegen 0.10/turn

%: no passive effects
@: no status effects
A: no striking features
a: no special abilities


You were on level 2 of the Dungeon.
You visited 1 branch of the dungeon, and saw 2 of its levels.

You collected 84 gold pieces.

Inventory:

Hand Weapons
 h - a +1 rapier (weapon)
 i - a +0 whip
Missiles
 d - 22 stones
 l - 5 curare-tipped darts
Armour
 a - a +0 robe (worn)
Jewellery
 c - a +4 ring of protection (left hand)
 m - a ring of fire (right hand)
Scrolls
 f - a scroll of noise {unknown}
 g - 2 scrolls of blinking
 j - a scroll of magic mapping
Potions
 b - a potion of magic
 e - a potion of degeneration {unknown}
 k - a potion of curing


   Skills:
 + Level 2.5 Dodging
 + Level 2.6 Stealth
 + Level 2.4 Spellcasting
 + Level 4.3 Conjurations


You had 5 spell levels left.
You knew the following spells:

 Your Spells              Type           Power      Damage    Failure   Level
a - Magic Dart            Conj           76%        1d6       2%          1

Your spell library contained the following spells:

 Spells                   Type           Power      Damage    Failure   Level
 Searing Ray              Conj           38%        2d5       3%          2
 Dazzling Flash           Conj/Hex       22%        N/A       19%         3
 Fulminant Prism          Conj/Hex       5%         3d6       52%         4
 Iskenderun's Mystic Bla  Conj/Tloc      11%        2d4       52%         4


Dungeon Overview and Level Annotations

Branches:
Dungeon (1/15)

Altars:


Message History

Found a stone staircase leading down.
A goblin comes into view. It is wielding a +0 dagger.
Sorry, you're not good enough to have a special ability.
Unknown command.
The goblin shouts!
You hit the goblin but do no damage. The goblin misses you.
You hit the goblin.
You kill the goblin!
f - a scroll labelled TYFEORIYSU
Things that are here:
a +0 dagger; a +0 leather armour; a goblin corpse Unknown command.
A gnoll comes into view.
It is wielding a +0 spear. 2 gnolls come into view.
The gnoll shouts! x3; You hear a shout!
You hear an angry hiss.
You hear a shout!
Sorry, you're not good enough to have a special ability.
Casting: Magic Dart (safe; 2% risk of failure)
Confirm with . or Enter, or press ? or * to list all spells.
You don't know that spell.
Unknown command.
An adder comes into view.
A kobold comes into view. It is wielding a +0 club.
A gnoll comes into view. It is wielding a +0 club.
The gnoll misses you. The gnoll closely misses you.
You closely miss the gnoll. The gnoll barely misses you.
The gnoll hits you with a +0 flail.
You barely miss the gnoll. The gnoll barely misses you.
The gnoll closely misses you.
The kobold shouts!
You hit the gnoll.
The gnoll is moderately wounded.
The gnoll misses you. The gnoll hits you with a +0 flail. x2
The gnoll hits you from afar with a +0 halberd.
You hit the gnoll.
The gnoll is heavily wounded.
The gnoll hits you from afar with a +0 halberd!
* * * LOW HITPOINT WARNING * * *
The gnoll hits you with a +0 flail.
You die...

*,,,,,,,,,,,,,,**********##....
**,,,,,,,......,*,,,,,,,,,,.....
*,,,,,,,,,.....,,,*********#....
*,,,,,,,,,,....,*** #....
**,*,,,,,,,,,...** #....
,,,,,,,,,,,,,,Kg## **#.#
,,,,***********gg# #.# ***,,****
*#g# ###)# * **,,,,* #@###
###...# * ****>** #...####
##...... * *,,** ###....#
#..>#### *** **,,**
####.####..## ,,** **,,*
#..#....# ### *,,* **,*
#####.....####.. **,** *,*
*#............#.) *,,******,***
#...#########.#..
**,,,,,**,,,***#.#,* ###....


You could see 4 gnolls and a kobold.

Vanquished Creatures
  2 adders (D:2)
  A worm (D:1)
  A bat (D:1)
  3 endoplasms (D:1)
  5 giant cockroaches
  A goblin (D:2)
  A hobgoblin (D:2)
  4 frilled lizards
  4 kobolds
22 creatures vanquished.

Notes
Turn   | Place    | Note
-------+----------+-------------------------------------------
     0 | D:1      | sampeng1 the Human Conjurer began the quest for the Orb.
     0 | D:1      | Reached XP level 1. HP: 13/13 MP: 3/3
   364 | D:1      | Reached XP level 2. HP: 19/19 MP: 5/5
   705 | D:1      | You fall into a shaft and drop 1 floor!
   751 | D:2      | Reached XP level 3. HP: 18/24 MP: 3/6
   994 | D:2      | HP: 1/24 [gnoll/+0 halberd (10)]
   994 | D:2      | Slain by a gnoll

Illustrated notes

Levels and vault maps discovered:
D:1:      minmay_arrival_arboretum_small, layout_loops_ring, nicolae_wormholes
D:2:      layout_rooms, minmay_small_reverse_x

Action                     || total
---------------------------++-------
  Melee: Unarmed           ||    16
         Rapier            ||    97
         Punch             ||     1
   Cast: Magic Dart        ||    26
    Use: Scroll            ||     4
         Potion            ||     1
   Stab: Sleeping          ||     1
 Armour: Robe              ||    55
  Dodge: Dodged            ||   133
